 Dungeon Sprint DCSS version 0.20.1-1-g8b1a95d (webtiles) character file.

263 torrenera the Thaumaturge (level 5, -10/28 HPs)
             Began as a Deep Elf Fire Elementalist on Sept 1, 2017.
             Killed from afar by a jelly (32 damage)
             ... with an exploding inner flame
             ... hexed by the player character
             ... in the Dungeon (Sprint I: "Red Sonja").
             The game lasted 00:01:14 (368 turns).

torrenera the Thaumaturge (DEFE)                     Turns: 368, Time: 00:01:15

Health: -10/28     AC: -2    Str:  5    XL:     5   Next: 98%
Magic:  18/21      EV: 13    Int: 21    God:
Gold:   162        SH:  0    Dex: 15    Spells: 19/28 levels left

rFire    . . .     SeeInvis .   (no weapon)
rCold    . . .     Gourm    .   (no shield)
rNeg     . . .     Faith    .   a - +0 robe
rPois    .         Spirit   .   (no helmet)
rElec    .         Reflect  .   (no cloak)
rCorr    .         Harm     .   (no gloves)
MR       .....     NoTele   +   (no boots)
Stlth    ++........             (no amulet)
Regen    0.1/turn               (no ring)
MPRegen  0.2/turn               (no ring)

@: corroded
A: no striking features
a: no special abilities


You were in the Dungeon.
You were not hungry.

You visited 1 branch You collected 162 gold pieces.

Inventory:

Missiles
 h - 11 stones (quivered)
Armour
 a - a +0 robe (worn)
Scrolls
 i - a scroll of blinking
Potions
 d - a potion of curing
 e - a potion of heal wounds
 f - a potion of haste
 g - 2 potions of magic
Books
 b - a book of Flames

   Spells                             Type                      Level
   a - Flame Tongue                   Conjuration/Fire             1
   b - Throw Flame                    Conjuration/Fire             2
   c - Conjure Flame                  Conjuration/Fire             3
   d - Inner Flame                    Hexes/Fire                   3
   e - Sticky Flame                   Conjuration/Fire             4
   f - Fireball                       Conjuration/Fire             5
Comestibles
 c - a bread ration


   Skills:
 - Level 2.4 Dodging
 - Level 2.4 Stealth
 - Level 12.0 Spellcasting
 * Level 1.1 Conjurations
 + Level 9.7 Fire Magic


You had 19 spell levels left.
You knew the following spells:

 Your Spells              Type           Power        Failure   Level  Hunger
a - Flame Tongue          Conj/Fire      #####        1%          1    None
b - Inner Flame           Hex/Fire       ####....     1%          3    None
c - Fireball              Conj/Fire      #####.....   16%         5    ####...


Dungeon Overview and Level Annotations

Branches:
Dungeon (1/1)

Altars:
Sif Muna
Vehumet


Message History

There is an open door here.
There is an open door here.
There is an open door here.
Casting: Inner Flame
Confirm with . or Enter, or press ? or * to list all spells.
Aiming: Flame Tongue
Press: ? - help, Shift-Dir - straight line, f/p - jelly
Aim: a jelly (lightly wounded, inner flame)
The flame tongue hits the jelly.
The jelly is almost dead.
Casting: Flame Tongue
Confirm with . or Enter, or press ? or * to list all spells.
Aiming: Flame Tongue
Press: ? - help, Shift-Dir - straight line, f/p - jelly
Aim: a jelly (almost dead, inner flame)
The flame tongue hits the jelly.
The jelly explodes!
The fiery explosion engulfs you!
Ouch! That really hurt!
You die...

################
#<.#..@..#..'..#
#..)).#§§').#..+
#..#####'#####'#
#..# #..# #[#
#..# #### #.#
#..# #..+ #⌠⌠#
..(_# ####
#_.#+# ##+


There were no monsters in sight!

Vanquished Creatures
  Sigmund (D)
  An ogre (D)
  Ijyb (D)
3 creatures vanquished.

Notes
Turn   | Place    | Note
-------+----------+-------------------------------------------
     0 | D        | torrenera the Deep Elf Fire Elementalist began the quest for the Orb.
     0 | D        | Reached XP level 1. HP: 10/10 MP: 6/6
     1 | D        | Noticed Ijyb
    19 | D        | Killed Ijyb
    19 | D        | Reached skill level 8 in Spellcasting
    19 | D        | Reached XP level 2. HP: 8/15 MP: 1/13
   187 | D        | Noticed an ogre
   195 | D        | Killed an ogre
   195 | D        | Reached skill level 12 in Spellcasting
   195 | D        | Reached XP level 3. HP: 19/19 MP: 8/18
   195 | D        | Reached XP level 4. HP: 24/24 MP: 8/20
   270 | D        | Noticed Sigmund
   274 | D        | Killed Sigmund
   274 | D        | Reached XP level 5. HP: 23/28 MP: 16/21
   339 | D        | Learned a level 3 spell: Inner Flame
   345 | D        | Learned a level 5 spell: Fireball
   345 | D        | Found a deep blue altar of Sif Muna.
   351 | D        | Found a radiant altar of Vehumet.
   368 | D        | Killed from afar by a jelly

Skill      XL: |  1  2  3  4 |
---------------+-------------+-----
Spellcasting   | 8 12 | 12.0
Fire Magic     | 9 |  9.7
Dodging        | |  2.4
Stealth        | |  2.4
Conjurations   | |  1.1

Action                   |  1- 3 |  4- 6 || total
-------------------------+-------+-------++-------
Melee: Unarmed           |    11 |       ||    11
Throw: Stone             |       |     2 ||     2
 Cast: Flame Tongue      |     8 |     6 ||    14
       Inner Flame       |       |     1 ||     1
  Use: Potion            |     1 |       ||     1
Armor: Robe              |     1 |       ||     1
Dodge: Dodged            |     7 |     1 ||     8
